 Dungeon Crawl Stone Soup version 0.25.0-11-g1f837a76a1 (webtiles) character file.

Game seed: 13885053951436940947

1005 Esekla the Sneak (level 8, -2/54 HPs)
             Began as an Octopode Necromancer on June 26, 2020.
             Was an Initiate of Gozag.
             Slain by Prince Ribbit (8 damage)
             ... on level 6 of the Dungeon.
             The game lasted 00:30:25 (5251 turns).

Esekla the Sneak (Octopode Necromancer)             Turns: 5251, Time: 00:30:25

Health: -2/54      AC:  1    Str:  8    XL:     8   Next: 20%
Magic:  0/12       EV: 15    Int: 18    God:    Gozag
Gold:   288        SH:  0    Dex: 13    Spells: 9/13 levels left

rFire    . . .     SeeInvis .   s - +2 dagger (speed)
rCold    . . .     Gourm    .   (no shield)
rNeg     . . .     Faith    .   (helmet restricted)
rPois    .         Spirit   +   a - amulet of guardian spirit
rElec    .         Reflect  .   (no ring)
rCorr    .         Harm     .   (no ring)
MR       .....                  (no ring)
Stlth    ++++......             (no ring)
HPRegen  0.18/turn              (no ring)
MPRegen  0.13/turn              (no ring)
                                (no ring)
                                (no ring)

@: no status effects
A: almost no armour, stealthy swim, amphibious, 8 rings, constrict 8, camouflage
1, gelatinous body 1
a: Potion Petition, Call Merchant, Bribe Branch, Renounce Religion


You were on level 6 of the Dungeon.
You worshipped Gozag.
Gozag was aware of your devotion.
You were not hungry.

You visited 1 branch of the dungeon, and saw 6 of its levels.

You collected 376 gold pieces.
You paid 88 gold pieces to Gozag.

Inventory:

Hand Weapons
 g - the +9 hunting sling of the Protecting Blowfly {vorpal, Dex+2, unknown}
   (You found it on level 4 of the Dungeon)

   Any stone fired from it inflicts extra damage.
   It affects your dexterity (+2).
 s - a +2 dagger of speed (weapon)
Missiles
 l - 26 poisoned darts (quivered)
 t - 3 boomerangs
Jewellery
 a - an amulet of guardian spirit (around mantle)
Wands
 w - a wand of paralysis (7)
Scrolls
 c - 7 scrolls of remove curse
 f - 2 scrolls of enchant armour
 h - 3 scrolls of identify
 i - a scroll of magic mapping {unknown}
 m - 2 scrolls of fog {unknown}
 n - a scroll of noise {unknown}
 o - a scroll of immolation
 p - a scroll of amnesia {unknown}
Potions
 d - a potion of might {unknown}
 e - a potion of stabbing {unknown}
 j - 6 potions of brilliance {unknown}
 k - 5 potions of curing
 q - a potion of heal wounds {unknown}
 r - a potion of degeneration {unknown}
 u - 2 potions of mutation {unknown}
 v - a potion of cancellation {unknown}
Comestibles
 b - 7 rations


   Skills:
 * Level 3.7 Fighting
 + Level 3.8 Short Blades
   Level 0.2 Maces & Flails
 + Level 1.3 Throwing
 * Level 4.6 Dodging
 + Level 6.2 Stealth
 + Level 3.2 Spellcasting
 + Level 4.7 Necromancy


You had 9 spell levels left.
You knew the following spells:

 Your Spells              Type           Power        Failure   Level  Hunger
a - Pain                  Necr           ###.         2%          1    None
d - Vampiric Draining     Necr           ###.......   7%          3    ###....

Your spell library contained the following spells:

 Spells                   Type           Power        Failure   Level  Hunger
 Animate Skeleton         Necr           N/A          2%          1    None
 Animate Dead             Necr           N/A          22%         4    ####...
 Agony                    Necr           ###.....     54%         5    ######.


Dungeon Overview and Level Annotations

Branches:
Dungeon (6/15)
 Temple: D:4-7

Altars:
Ashenzari
Cheibriados
Gozag
Okawaru
Ru
Trog
Xom

Shops:
D:6 =

Annotations:
D:3 Grinder
D:6 Prince Ribbit


Innate Abilities, Weirdness & Mutations

You cannot wear most types of armour.
You are very stealthy in the water. (Stealth+)
You are amphibious.
You can wear up to eight rings at the same time.
You can use your tentacles to constrict eight enemies at once.
Your skin changes colour to match your surroundings (Stealth+).
Your rubbery body absorbs attacks. (AC +1, EV +1)


Message History

Okay, then.
You barely miss the centaur. Your squeeze misses the centaur.
The centaur hits you but does no damage.
You hit the centaur but do no damage. The centaur hits you!
You hit the centaur but do no damage.
The centaur wields a +0 shortbow.
The centaur shoots an arrow.
The arrow barely misses you.
You see here 2 arrows.
You barely miss Prince Ribbit. Your grab misses Prince Ribbit.
Prince Ribbit hits you!!
* * * LOW HITPOINT WARNING * * *
As you read the scroll labeled CUNNAOSA VAUDO, it crumbles to dust.
It is a scroll of enchant armour.
You aren't carrying any armour which can be enchanted further.
Prince Ribbit barely misses you.
As you read the scroll labeled GEH JOL ICSAU, it crumbles to dust.
The creatures around you are filled with an inner flame!
It was a scroll of immolation.
Prince Ribbit hits you!
You die...
Your body crumbles into a pile of gold.

#### #... #.##
##### #.# ##...##
#.#
#.###.##########.##
#.# #..............
#.###.....#########
##@..#.#### ##F####
#..# #.## #(# #(#
#.# #.. #..#


You could see Prince Ribbit (inner flame).

Vanquished Creatures
  Sigmund (D:3)
  A sky beast (D:5)
  A phantom (D:6)
  An ogre (D:5)
  2 scorpions (D:4)
  A crimson imp (D:5)
  3 orc wizards
  A centaur skeleton (D:2)
  2 hounds (D:5)
  An iguana (D:4)
  Ijyb (D:3)
  A worker ant (D:6)
  A hound zombie (D:3)
  A hound skeleton (D:5)
  8 adders
  A shadow imp (D:4)
  An ooze (D:3)
  A worm (D:3)
  2 dart slugs (D:1)
  A leopard gecko (D:3)
  11 orcs
  4 giant cockroaches
  8 goblins
  7 hobgoblins
  5 jackals
  11 kobolds
  2 quokkas
  3 ball pythons
  7 bats
  5 frilled lizards
  A leopard gecko skeleton (D:4)
  6 rats
102 creatures vanquished.

Notes
Turn   | Place    | Note
-------+----------+-------------------------------------------
     0 | D:1      | Esekla the Octopode Necromancer began the quest for the
                  | Orb.
     0 | D:1      | Reached XP level 1. HP: 11/11 MP: 3/3
   442 | D:1      | Reached XP level 2. HP: 14/18 MP: 5/5
   560 | D:1      | Reached skill level 1 in Fighting
   756 | D:1      | Reached skill level 3 in Stealth
   988 | D:1      | Reached XP level 3. HP: 23/23 MP: 6/6
   994 | D:1      | Learned a level 3 spell: Vampiric Draining
  1289 | D:2      | Reached XP level 4. HP: 16/29 MP: 1/7
  1305 | D:2      | Found a sacrificial altar of Ru.
  1584 | D:2      | Reached skill level 4 in Stealth
  1642 | D:2      | Found a snail-covered altar of Cheibriados.
  1808 | D:3      | Noticed Ijyb
  1823 | D:3      | Found a shattered altar of Ashenzari.
  1859 | D:3      | Reached XP level 5. HP: 28/34 MP: 5/8
  1885 | D:3      | Noticed Sigmund
  2010 | D:3      | Reached skill level 1 in Short Blades
  2253 | D:3      | Paralysed by Ijyb for 3 turns
  2268 | D:3      | Paralysed by Ijyb for 7 turns
  2279 | D:3      | Killed Ijyb
  2486 | D:3      | Found a faded altar of an unknown god.
  2508 | D:3      | Found a shimmering altar of Xom.
  2508 | D:3      | Found a faded altar of an unknown god.
  2513 | D:3      | Found a bloodstained altar of Trog.
  2515 | D:3      | Found a faded altar of an unknown god.
  2516 | D:3      | Found an iron altar of Okawaru.
  2608 | D:3      | Reached XP level 6. HP: 32/41 MP: 3/9
  2954 | D:3      | Killed Sigmund
  2954 | D:3      | Reached skill level 5 in Stealth
  3324 | D:3      | Noticed Grinder
  3493 | D:4      | Reached XP level 7. HP: 37/46 MP: 9/11
  3649 | D:4      | Got a pitted hunting sling
  4177 | D:5      | Entered Level 5 of the Dungeon
  4366 | D:5      | Reached skill level 1 in Throwing
  4513 | D:5      | Found an opulent altar of Gozag.
  4526 | D:5      | Became a worshipper of Gozag Ym Sagoz the Greedy
  4947 | D:5      | Reached XP level 8. HP: 53/53 MP: 12/12
  5136 | D:6      | Found Qixa's Jewellery Shoppe.
  5155 | D:6      | Reached skill level 6 in Stealth
  5234 | D:6      | Noticed Prince Ribbit
  5251 | D:6      | Slain by Prince Ribbit

Illustrated notes

Levels and vault maps discovered:
D:1:      minmay_arrival_loop, layout_basic, st_stairs_12
D:2:      minmay_kobold_bridge, layout_rooms, overflow_temple_1_default,
          first_ration, st_stairs_1, nicolae_ru_sacrificial_ziggurat
D:3:      layout_loops_ring, lemuel_doored_altar,
          chequers_temple_overflow_minitemple, chequers_ecumenical_altar_twisty,
          uniq_sigmund, uniq_ijyb, uniq_grinder
D:4:      layout_basic
D:5:      layout_loops_corners, kennysheep_mini, hangedman_decor_points
D:6:      layout_loops_ring, lemuel_round_altar, nicolae_overflow_hidden_temple,
          minmay_temple_entry_sparse_star, serial_shops, shop,
          nicolae_shop_waterfront, nicolae_shop_temple_entry_statues_fountains,
          shop, kennysheep_mini_moat, uniq_prince_ribbit1

Skill      XL: |  1  2  3  4  5  6  7  8 |
---------------+-------------------------+-----
Fighting       | 1 2 3 |  3.7
Stealth        | 3 4 5 6 |  6.2
Short Blades   | 1 2 3 |  3.8
Dodging        | 3 4 |  4.6
Spellcasting   | 3 |  3.2
Throwing       | 1 |  1.3
Maces & Flails | |  0.2
Necromancy     | |  4.7

Action                   |  1- 3 |  4- 6 |  7- 9 || total
-------------------------+-------+-------+-------++-------
Melee: Whip              |    10 |       |       ||    10
       Constrict         |     9 |    29 |    14 ||    52
       Tentacles         |    10 |    30 |    10 ||    50
       Unarmed           |     1 |       |       ||     1
       Dagger            |    36 |   140 |    96 ||   272
Throw: Dart              |       |     8 |     6 ||    14
 Cast: Pain              |    11 |       |     1 ||    12
       Vampiric Draining |     1 |     7 |     2 ||    10
  Use: Scroll            |       |       |     4 ||     4
 Stab: Sleeping          |     9 |     8 |     9 ||    26
       Distracted        |       |       |     1 ||     1
  Eat: Chunk             |     1 |     8 |     2 ||    11
       Ration            |       |       |     1 ||     1
Armor: Skin              |     8 |     1 |     3 ||    12
Dodge: Dodged            |    33 |    76 |    32 ||   141
